 Dungeon Crawl Stone Soup version 0.30.1-9-gdf580d7c3d (webtiles) character file.

Game seed: 8447221432453180205

122 jagang the Slasher (level 5, -2/47 HPs)
             Began as a Hill Orc Monk on Sept 29, 2023.
             Slain by a gnoll bouda
             ... wielding a +0 whip
              (6 damage)
             ... on level 3 of the Dungeon.
             The game lasted 00:05:26 (2217 turns).

jagang the Slasher (Hill Orc Monk)                  Turns: 2217, Time: 00:05:27

Health: -2/47      AC: 10    Str: 14    XL:     5   Next: 6%
Magic:  5/5        EV:  4    Int: 10    God:
Gold:   136        SH:  0    Dex: 15    Spells: 4/4 levels left

rFire   . . .        b - +0 long sword
rCold   . . .        d - orb {light}
rNeg    . . .        s - +0 plate armour
rPois   .            (no helmet)
rElec   .            (no cloak)
rCorr   .            (no gloves)
SInv    .            (no boots)
Will    .....        (no amulet) Stlth
                     (no ring)
HPRegen 0.27/turn    (no ring)
MPRegen 0.09/turn

%: no passive effects
@: weakened, glowing
A: no striking features
a: no special abilities


You were on level 3 of the Dungeon.
You visited 1 branch of the dungeon, and saw 3 of its levels.

You collected 136 gold pieces.

Inventory:

Hand Weapons
 b - a +0 long sword (weapon)
Missiles
 a - a throwing net
 k - 3 poisoned darts (quivered)
Armour
 d - an orb of light (worn)
 s - a +0 plate armour (worn)
Wands
 l - a wand of polymorph (12)
Scrolls
 e - a scroll of enchant weapon {unknown}
 g - a scroll of amnesia
 i - a scroll of magic mapping
 j - 2 scrolls of enchant armour
 o - a scroll of noise
Potions
 c - a potion of ambrosia
 f - a potion of lignification {unknown}
 h - a potion of heal wounds {unknown}
 p - a potion of flight {unknown}
 q - a potion of mutation {unknown}


   Skills:
 + Level 4.4 Fighting
 * Level 4.7 Long Blades
 + Level 1.2 Throwing
 + Level 2.0 Armour
 - Level 2.4 Dodging


You had 4 spell levels left.
You didn't know any spells.
Your spell library contained the following spells:

 Spells                   Type           Power      Damage    Failure   Level
 Necrotise                Necr           0%         1d4       100%        1
 Vampiric Draining        Necr           0%         2d6       100%        3
 Vhi's Electric Charge    Tloc/Air       0%         N/A       100%        3
 Volatile Blastmotes      Fire/Tloc      0%         2d10      100%        3
 Fulminant Prism          Conj/Hex       0%         3d5       100%        4
 Iskenderun's Mystic Bla  Conj/Tloc      0%         2d3       100%        4
 Agony                    Necr           0%         N/A       100%        5
 Arcjolt                  Conj/Air       0%         1d10      100%        5
 Lee's Rapid Deconstruct  Erth           0%         3d4*      100%        5
 Maxwell's Capacitive Co  Air            0%         ∞         100%        8


Dungeon Overview and Level Annotations

Branches:
Dungeon (3/15)

Altars:
Ashenzari

Annotations:
D:3 1 runed translucent door, Crazy Yiuf


Message History

You slash the adder!
The adder is severely wounded.
The adder bites you.
You hit the adder.
The adder is almost dead.
The adder bites you but does no damage. x2
You hit the adder.
You kill the adder!
You have reached level 5!
You feel stronger.
You hit the quokka.
The quokka is lightly wounded.
The quokka barely misses you. The quokka bites you.
You hit the quokka but do no damage.
The quokka is lightly wounded.
The quokka bites you but does no damage.
You hit the quokka.
You kill the quokka!
The gnoll bouda gazes fiercely through you!
You feel your attacks grow feeble.
The gnoll bouda hits you with a +0 whip.
Things that are here:
a quokka corpse; an adder corpse You hit the gnoll bouda.
The gnoll bouda is heavily wounded.
The gnoll bouda hits you with a +0 whip!
* * * LOW HITPOINT WARNING * * *
The gnoll bouda hits you with a +0 whip.
* * * LOW HITPOINT WARNING * * *
You hit the gnoll bouda.
The gnoll bouda is heavily wounded.
The gnoll bouda completely misses you.
You hit the gnoll bouda but do no damage.
The gnoll bouda is heavily wounded.
The gnoll bouda hits you with a +0 whip!
* * * LOW HITPOINT WARNING * * *
You hit the gnoll bouda but do no damage.
The gnoll bouda is heavily wounded.
The gnoll bouda hits you with a +0 whip.
You die...

# #.# #. #.## #..
#..##
##...#####...##.#.#.
....................
##.#.##.###.####..##
#.#.##.###.### ..
#.............
#.#.#@##.###.#
#...g.......
#.#.#.##.#.##
...#........ #.# ...
.#.#.. ... #..?..
#.# .## .... #.
##.#. .#


You could see a gnoll bouda.

Vanquished Creatures
  An orc wizard (D:2)
  3 adders (D:3)
  2 worms
  A dart slug (D:1)
  3 orcs
  4 endoplasms
  5 hobgoblins
  3 jackals (D:1)
  6 kobolds
  5 quokkas
  6 ball pythons
  3 bats
  3 frilled lizards
  5 goblins
  8 rats
58 creatures vanquished.

Notes
Turn   | Place    | Note
-------+----------+-------------------------------------------
     0 | D:1      | jagang the Hill Orc Monk began the quest for the Orb.
     0 | D:1      | Reached XP level 1. HP: 19/19 MP: 1/1
   241 | D:1      | Found a faded altar of an unknown god.
   252 | D:1      | Reached XP level 2. HP: 27/27 MP: 2/2
   446 | D:1      | Reached skill level 1 in Armour
   695 | D:2      | Reached XP level 3. HP: 30/33 MP: 3/3
   897 | D:2      | Reached XP level 4. HP: 18/40 MP: 4/4
  1190 | D:2      | Reached skill level 1 in Throwing
  1923 | D:3      | Found a broken altar of Ashenzari.
  1997 | D:3      | Found a runed translucent door.
  1998 | D:3      | Noticed Crazy Yiuf
  2210 | D:3      | Reached XP level 5. HP: 27/47 MP: 5/5
  2217 | D:3      | Slain by a gnoll bouda

Illustrated notes

Levels and vault maps discovered:
D:1:      onia_arrival_mini_spirals, layout_loops_ring,
          shapermc_ecumenical_altar_notcrosses
D:2:      layout_loops_cross
D:3:      layout_basic, marbit_many_paths, grunt_ministairs_6,
          minmay_diced_spiral, uniq_crazy_yiuf_cottage

Skill      XL: |  1  2  3  4 |
---------------+-------------+-----
Armour         | 1 2 |  2.0
Fighting       | 4 |  4.4
Long Blades    | 4 |  4.7
Throwing       | 1 |  1.2
Dodging        | |  2.4

Action                     |  1- 3 |  4- 6 || total
---------------------------+-------+-------++-------
  Melee: Falchion          |    73 |    13 ||    86
         Long sword        |       |    52 ||    52
  Throw: Dart              |       |     1 ||     1
    Use: Scroll            |       |     7 ||     7
 Armour: Robe              |     4 |       ||     4
         Leather armour    |     6 |     2 ||     8
         Plate armour      |       |    21 ||    21
  Dodge: Dodged            |    41 |    22 ||    63
